 Dungeon Crawl Stone Soup version 0.17-a0-1647-gb11a595 (webtiles) character file.

47 KINGKRU the Sneak (level 3, 0/30 HPs)
             Began as a Hill Orc Assassin on Aug 12, 2015.
             Slain by a hobgoblin (4 damage)
             ... on level 3 of the Dungeon.
             The game lasted 00:15:08 (1846 turns).

KINGKRU the Sneak (Hill Orc Assassin)               Turns: 1846, Time: 00:15:08

Health: 0/30       AC:  0    Str: 17    XL:     3   Next: 70%
Magic:  3/3        EV: 11    Int: 11    God:
Gold:   77         SH:  0    Dex: 13    Spells: 0 memorised, 2 levels left

rFire  . . .     SeeInvis .     a - +2 dagger
rCold  . . .     Clarity  .     (no armour)
rNeg   . . .     SustAt   .     (no shield)
rPois  .         Gourm    .     (no helmet)
rElec  .         Spirit   .     (no cloak)
rCorr  .         Warding  .     (no gloves)
rMut   .         Stasis   .     (no boots)
MR     .....                    (no amulet)
Stlth  ++........               (no ring)
                                i - +4 ring of strength

@: about to teleport, not resistant to hostile enchantments, unstealthy
A: no striking features
a: no special abilities


You were on level 3 of the Dungeon.
You were not hungry.

You visited 1 branch of the dungeon, and saw 3 of its levels.

You collected 77 gold pieces.

Inventory:

Hand weapons
 a - a +2 dagger (weapon)
 b - a +0 blowgun
Missiles
 d - 31 arrows
 e - 12 poisoned needles
 f - 5 curare-tipped needles
Jewellery
 i - a +4 ring of strength (left hand)
Magical devices
 j - a wand of teleportation (3)
Scrolls
 c - a scroll of teleportation
 l - 2 scrolls of fog {unknown}
Potions
 h - a potion of curing {unknown}
 k - a potion of cancellation
Comestibles
 g - a bread ration
 n - a meat ration


   Skills:
 + Level 2.7 Fighting
 + Level 2.2 Short Blades
 + Level 2.5 Throwing
 + Level 0.8 Dodging
 + Level 4.0 Stealth


You had 2 spell levels left.
You didn't know any spells.

Dungeon Overview and Level Annotations

Branches:
Dungeon (3/15)

Altars:
Ashenzari
Fedhas
Nemelex Xobeh
Sif Muna


Message History

Things that are here:
2 stones; a club; a poisoned needle The crimson imp blinks!
Things that are here:
a +0 robe; a robe Wield which item (- for none, * to show all)? (? for menu, Esc to quit)
You are already wielding that!
You hit the hobgoblin.
The hobgoblin is moderately wounded.
The hobgoblin hits you.
You hit the hobgoblin.
The hobgoblin is heavily wounded.
The hobgoblin hits you.
* * * LOW HITPOINT WARNING * * *
The hobgoblin hits you.
* * * LOW HITPOINT WARNING * * *
Read which item? (? for menu, Esc to quit)
As you read the scroll of teleportation, it crumbles to dust.
You feel strangely unstable. The hobgoblin hits you.
You die...

#...............#
*,*##.......##*,# ****
*,*#.........#*.#********,,,
*.##.####<###.#.,,,,,,,,,,**
*.##......# *...,**********
*.##..###.###.#*.* *.##..#
#....#**>********** *.##..#
#.#.## *,**,,,,,,,* *.##..#
#.#@# *,**,*****,*
####.##..# #..g# *,**,* *,*
###....##..# #..## **,**,*
*,* #....).##..#
#.5####...*,* *,*
#.#...###..# #.........,,*
*,*
...........####.####.(.***
*,* ............[...##***,**
*,** .........#............#
*,,, #.#...#################
****


You could see a crimson imp and a hobgoblin.

Vanquished Creatures
  A gnoll (D:2)
  An adder zombie (D:2)
  5 giant geckos
  A ball python (D:2)
  A bat skeleton (D:2)
  6 goblins
  A hobgoblin (D:2)
  8 bats
  3 giant newts
  3 jackals (D:1)
  3 kobolds
  2 rats (D:2)
35 creatures vanquished.

Notes
Turn   | Place    | Note
--------------------------------------------------------------
     0 | D:1      | KINGKRU the Hill Orc Assassin began the quest for the Orb.
     0 | D:1      | Reached XP level 1. HP: 18/18 MP: 1/1
   355 | D:1      | Reached XP level 2. HP: 25/25 MP: 2/2
   918 | D:2      | Found a blossoming altar of Fedhas.
   921 | D:2      | Found a shattered altar of Ashenzari.
   921 | D:2      | Found a deep blue altar of Sif Muna.
   921 | D:2      | Found a sparkling altar of Nemelex Xobeh.
  1393 | D:2      | Reached XP level 3. HP: 26/30 MP: 3/3
  1782 | D:3      | Reached skill level 4 in Stealth
  1846 | D:3      | Slain by a hobgoblin

Vault maps used:
D:1:      nicolae_arrival_washed_ashore
D:2:      grunt_temple_overflow_open, serial_undead, serial_undead_f,
          serial_undead_e, serial_undead_c, serial_undead_c, kennysheep_doodads,
          grunt_ministairs_5, minmay_bad_closet, serial_park_tiny_pond,
          minmay_misc_feat_diagonals, minmay_distorted
D:3:      makhleb_heckhound_becter

Action                   || total
-------------------------++-------
Melee: Dagger            ||    63
 Fire: Blowgun           ||    43
  Use: Scroll            ||     8
 Stab: Sleeping          ||    11
       Distracted        ||     2
  Eat: Fruit             ||     3
